Map: Ulrena

Players

Welmu - Winner!

  • Race: Protoss Protoss
  • League: Grandmaster

ShoWTimE

  • Race: Protoss Protoss
  • League: Master

Event: NationWars III

VOD

Have the link to the VOD?

Description

Time

  • Played on: Dec. 12, 2015, 11:32 a.m.
  • Length: 7:17

All games in this series

Show
View Real Time Build Order
Export as new Build Order

Welmu Protoss - Winner!

Build Orders:  

Get SALT Encoding   

  12  0:01  Probe (Chrono Boost)  
  13  0:11  Probe (Chrono Boost)  
  14  0:18  Pylon  
  14  0:22  Probe (Chrono Boost)  
  15  0:36  Probe (Chrono Boost)  
  15  0:37  Gateway  
  16  0:43  Assimilator  
  16  0:47  Probe (Chrono Boost)  
  17  0:52  Assimilator  
  17  0:57  Probe (Chrono Boost)  
  18  1:08  Probe (Chrono Boost)  
  18  1:10  Gateway  
  19  1:18  Probe (Chrono Boost)  
  19  1:25  Cybernetics Core  
  20  1:29  Probe (Chrono Boost)  
  21  1:39  Probe (Chrono Boost)  
  22  1:40  Pylon  
  22  1:50  Probe (Chrono Boost)  
  23  2:01  Stalker x2  
  25  2:08  Mothership Core (Chrono Boost)  
  29  2:21  Pylon  
  29  2:25  Pylon  
  29  2:28  Pylon  
  29  2:36  Stalker (Chrono Boost)  
  31  2:47  Warp Gate (Chrono Boost)  
  31  2:49  Pylon  
  31  2:54  Stalker (Chrono Boost)  
  33  3:03  Pylon  
  32  3:14  Probe, Robotics Facility  
  31  3:36  Stalker (Chrono Boost)  
  31  3:38  Stalker (Chrono Boost)  
  35  4:03  Nexus  
  35  4:04  Observer (Chrono Boost)  
  36  4:11  Pylon  
  36  4:23  Immortal (Chrono Boost)  
  40  4:37  Gateway  
  40  4:49  Sentry x2  
  44  4:58  Immortal (Chrono Boost)  
  44  5:12  Stalker  
  44  5:14  Stalker  
  48  5:31  Warp Prism (Chrono Boost)  
  50  5:37  Pylon  
  50  5:41  Sentry  
  50  5:42  Stalker  
  54  5:51  Stalker  
  56  6:07  Immortal (Chrono Boost)  
  60  6:12  Sentry  
  62  6:22  Zealot  
  60  6:40  Stalker  
  60  6:42  Zealot  
  62  6:56  Zealot  
  64  7:06  Stalker  
  66  7:11  Stalker  
Show
View Real Time Build Order
Export as new Build Order

ShoWTimE Protoss 

Build Orders: Blink Stalkers 

Get SALT Encoding   

  12  0:09  Pylon  
  12  0:13  Probe (Chrono Boost)  
  13  0:28  Gateway  
  13  0:30  Probe (Chrono Boost)  
  14  0:40  Probe (Chrono Boost)  
  14  0:41  Assimilator  
  15  0:48  Assimilator  
  15  0:51  Probe (Chrono Boost)  
  16  1:01  Probe (Chrono Boost)  
  17  1:12  Probe (Chrono Boost)  
  17  1:15  Cybernetics Core  
  18  1:22  Probe (Chrono Boost)  
  19  1:28  Pylon  
  19  1:33  Probe (Chrono Boost)  
  21  1:52  Mothership Core (Chrono Boost), Stalker (Chrono Boost)  
  24  1:57  Warp Gate  
  24  2:10  Probe (Chrono Boost)  
  25  2:18  Pylon  
  25  2:19  Pylon  
  25  2:22  Probe, Pylon  
  26  2:27  Stalker (Chrono Boost)  
  28  2:34  Probe  
  29  2:43  Twilight Council  
  29  2:53  Stalker (Chrono Boost)  
  31  3:07  Pylon  
  31  3:18  Gateway  
  31  3:24  Blink (Chrono Boost)  
  31  3:33  Gateway  
  31  3:38  Pylon  
  31  3:51  Robotics Facility  
  31  3:54  Probe  
  32  4:05  Stalker  
  33  4:17  Stalker  
  35  4:29  Stalker x2  
  39  4:39  Warp Prism (Chrono Boost)  
  41  4:50  Stalker  
  41  5:08  Stalker x2  
  41  5:13  Pylon  
  46  5:14  Observer (Chrono Boost)  
  46  5:40  Nexus  
  44  5:50  Adept  
  44  5:53  Adept  
  48  6:00  Adept  
  48  6:04  Probe  
  51  6:16  Probe  
  52  6:19  Pylon  
  52  6:20  Adept  
  54  6:28  Probe  
  45  6:40  Sentry, Probe  
  45  6:41  Sentry  
  50  6:52  Probe, Pylon  
  51  7:00  Stalker  
  47  7:13  Sentry  
Tags
 
Add a new tag
Caveats
  • Supply blocks, unpowered buildings, or Contaminate may cause inaccurate times.
  • Supply counts are checked every 10 seconds.